 Dungeon Crawl Stone Soup version 0.19-a0-1626-g5215c36 (webtiles) character file.

282722 4thArraOfDagon the Stickfighter (level 19, -11/153 HPs)
             Began as a Mummy Gladiator on Sept 18, 2016.
             Was a High Priest of Okawaru.
             Mangled by an enormous slime creature (68 damage)
             ... on level 2 of the Vaults.
             The game lasted 01:56:36 (20382 turns).

4thArraOfDagon the Stickfighter (Mummy Gladiator)  Turns: 20382, Time: 01:56:37

Health: -11/153    AC: 40    Str: 34    XL:     19   Next: 74%
Magic:  29/29      EV: 19    Int: 12    God:    Okawaru [*****.]
Gold:   1143       SH:  0    Dex: 15    Spells: 2 memorised, 26 levels left

rFire  . . .     SeeInvis .     Q - +6 lajatang (elec)
rCold  + . .     Gourm    .     t - +7 plate armour of Dumieruo {rC+ rCorr}
rNeg   + + +     Faith    .     (shield currently unavailable)
rPois  ∞         Spirit   .     T - +5 hat "Ydin" {+Inv rPois Regen+ Str+2}
rElec  .         Dismiss  .     l - +2 cloak
rCorr  +         Reflect  .     U - +2 pair of gloves {Str+3}
MR     +++++     Harm     .     f - +1 pair of boots {Stlth+}
Stlth  .......... Clarity  +    G - amulet of the Four Winds {rN+ MR+++ Clar}
                                E - ring "Idoopet" {Fire Str+4 Int+3}
                                h - ring of Ururgharo {*Contam rN+ Str+6 Int-3 Slay+3}

@: heroism, studying 3 skills
A: no food or potions, fire vulnerability, cold resistance 1, negative energy
resistance 3, torment resistance, unbreathing, in touch with death 1
a: Heroism, Finesse, Renounce Religion, Evoke Invisibility
}: 2/15 runes: serpentine, barnacled


You were on level 2 of the Vaults.
You worshipped Okawaru.
Okawaru was extremely pleased with you.
You were not hungry.

You visited 7 branches of the dungeon, and saw 36 of its levels.
You visited the Abyss 2 times.
You also visited: Labyrinth, Ossuary and Desolation.

You collected 3351 gold pieces.
You spent 2208 gold pieces at shops.

Inventory:

Hand Weapons
 O - a +1 lajatang of venom
 Q - a +6 lajatang of electrocution (weapon)
Missiles
 j - 2 throwing nets (quivered)
 F - 3 exploding tomahawks
Armour
 a - the +1 scale mail of the Vaults {rF+ rCorr Str+3 Stlth+}
   (You bought it in a shop on level 1 of the Elven Halls)

   It affects your strength (+3).
   It protects you from fire.
   It protects you from acid and corrosion.
   It makes you more stealthy.
 f - a +1 pair of boots of stealth (worn)
 l - a +2 cloak (worn)
 n - a quicksilver dragon armour
 t - the +7 plate armour of Dumieruo (worn) {rC+ rCorr}
   (You found it on level 2 of the Vaults)

   It protects you from cold.
   It protects you from acid and corrosion.
 D - a +0 troll leather armour
 T - the +5 hat "Ydin" (worn) {+Inv rPois Regen+ Str+2}
   (Okawaru gifted it to you on level 6 of the Lair of Beasts)

   It affects your strength (+2).
   It protects you from poison.
   It lets you turn invisible.
   It increases your rate of regeneration.
 U - a +2 pair of gloves of strength (worn)
Magical Staves
 S - an uncursed staff of wizardry {!a}
Jewellery
 h - the ring of Ururgharo (left hand) {*Contam rN+ Str+6 Int-3 Slay+3}
   (You took it off a deep elf high priest on level 3 of the Elven Halls)

   [ring of positive energy]

   It affects your strength (+6).
   It affects your intelligence (-3).
   It affects your accuracy and damage with ranged weapons and melee attacks
   (+3).
   It protects you from negative energy.
   It causes magical contamination when unequipped.
 i - an uncursed ring of ice
 o - an uncursed ring of protection from magic
 p - the ring of the Little Devil {rF+ Str+4}
   (You found it on level 2 of the Vaults)

   [ring of protection from fire]

   It affects your strength (+4).
   It protects you from fire.
 y - the ring of Puthin Tidek {rF- rN+ Int+4 Dex-3 Slay+4}
   (You took it off a deep elf archer on level 3 of the Elven Halls)

   [ring of slaying]

   It affects your intelligence (+4).
   It affects your dexterity (-3).
   It affects your accuracy and damage with ranged weapons and melee attacks
   (+4).
   It makes you vulnerable to fire.
   It protects you from negative energy.
 C - an uncursed ring of see invisible
 E - the ring "Idoopet" (right hand) {Fire Str+4 Int+3}
   (You bought it in a shop on level 14 of the Dungeon)

   [ring of fire]

   It enhances your fire magic.
   It affects your strength (+4).
   It affects your intelligence (+3).
   It protects you from fire.
   It makes you vulnerable to cold.
 G - the amulet of the Four Winds (around neck) {rN+ MR+++ Clar}
   (You found it on level 3 of the Snake Pit)

   [amulet of nothing]

   It protects you from negative energy.
   It affects your resistance to hostile enchantments.
   It protects you against confusion.
 K - an uncursed ring of wizardry
 P - an uncursed ring of protection from fire
Wands
 d - a wand of flame (21/48)
 q - a wand of teleportation (3/9)
 s - a wand of flame (19/48)
 u - a wand of polymorph (3/24)
 z - a wand of slowing (11/48)
 A - a wand of lightning (4/15)
 H - a wand of confusion (31/48)
 M - a wand of digging (0/24)
 N - a wand of iceblast (12/15)
 V - a wand of acid (5/15)
 Z - a wand of acid (13/15)
Scrolls
 b - a scroll of magic mapping
 c - 3 scrolls of recharging
 e - 3 scrolls of immolation
 g - 9 scrolls of remove curse
 k - 2 scrolls of blinking
 m - 8 scrolls of teleportation
 r - a scroll of silence
 v - a scroll of fog
 w - 6 scrolls of enchant armour
 x - 6 scrolls of amnesia
 L - 2 scrolls of torment
 Y - 2 scrolls of fear
Books
 I - a manual of Hexes
 R - a manual of Throwing
 W - a manual of Translocations
Miscellaneous
 B - a phantom mirror
 J - 2 sacks of spiders
 X - a lamp of fire


   Skills:
 + Level 14.5(19.5) Fighting
 * Level 17.2(22.2) Staves
 - Level 1.5(6.5) Throwing
 + Level 12.4(17.4) Armour
 + Level 12.4(17.4) Dodging
 + Level 6.0 Spellcasting
 - Level 3.1 Hexes
 + Level 13.4 Invocations
 - Level 4.2 Evocations


You had 26 spell levels left.
You knew the following spells:

 Your Spells              Type           Power        Failure   Level  Hunger
a - Repel Missiles        Chrm/Air       #.....       90%         2    N/A
b - Swiftness             Chrm/Air       #.......     90%         2    N/A

Dungeon Overview and Level Annotations

Branches:
Dungeon (15/15)            Temple (0/1) D:5            Lair (6/6) D:11
 Shoals (4/4) Lair:2        Snake (4/4) Lair:4        Slime (0/5) Lair:6
    Orc (2/2) D:10            Elf (3/3) Orc:2        Vaults (2/5) D:13
 Depths (0/5) D:15
  Crypt: Vaults:2-3

Altars:
Ashenzari
Dithmenos
Hepliaklqana
Kikubaaqudgha
Nemelex Xobeh
Okawaru
Qazlal
Ru
Uskayaw
Yredelemnul
Beogh
Jiyva

Shops:
D:7 !   D:14 =!   Orc:2 *(?[   Elf:1 (%}[=:}*   Elf:3 *   Shoals:2 *

Portals:
Trove: Elf:3 (give +2 gold dragon armour)

Annotations:
D:4 Pikel
Shoals:4 Mara
Elf:1 Azrael


Innate Abilities, Weirdness & Mutations

You do not eat or drink.
Your flesh is vulnerable to fire.
You are immune to poison.
Your flesh is cold resistant. (rC+)
You are immune to negative energy. (rN+++)
You are immune to unholy pain and torment.
You can survive without breathing.
You are in touch with the powers of death.


Message History

The enormous slime creature is moderately wounded.
The slime creature hits you but does no damage.
You hit the enormous slime creature but do no damage.
The enormous slime creature is moderately wounded.
The enormous slime creature hits you!! The slime creature closely misses you.
You slice the enormous slime creature!!
The enormous slime creature is moderately wounded.
You slice the enormous slime creature!!
There is a sudden explosion of sparks!
The enormous slime creature is heavily wounded.
The enormous slime creature hits you!! The slime creature closely misses you.
You hit the enormous slime creature.
The enormous slime creature is heavily wounded.
The enormous slime creature barely misses you.
The slime creature misses you.
Your plate armour of Dumieruo prevents you from hitting the enormous slime creature.
The enormous slime creature is heavily wounded.
You slice the enormous slime creature!!
There is a sudden explosion of sparks!
The enormous slime creature is severely wounded.
The enormous slime creature hits you!!!
You die...

......############...#...≈.......
......# ........#...#...≈.)≈≈...
......# ........#...#....≈≈≈≈...
......# ........#...#...≈≈⌠≈≈...
......# ........#...#....≈≈≈≈...
......# ....>...#..)#...≈..≈≈...
...... ........#...#...≈.......
..?... ......JJ#...'.#...)...#.
..... #######@#...############
..................
..................
#########'######## #...........#
#.....#.....# #.....#....?#
#.....# ....# #....## ....#


You could see an enormous slime creature and a slime creature.

Vanquished Creatures
  A lich (Abyss:2)
  2 deep elf blademasters (Elf:3)
  Polyphemus (Shoals:3)
  2 deep elf master archers (Elf:3)
  Frances (Snake:1)
  4 tentacled starspawn (Abyss:2)
  Agnes (Elf:1)
  11 greater nagas
  Kirke (D:14)
  Ilsuiw (Shoals:4)
  3 deep elf sorcerers (Elf:3)
  A vault warden (Vaults:2)
  A balrug (Abyss:2)
  Aizul (Shoals:2)
  A very ugly thing (Abyss:2)
  7 deep elf elementalists (Elf:3)
  A stone giant (Orc:2)
  6 deep elf demonologists (Elf:3)
  A dire elephant (Lair:6)
  7 deep elf annihilators (Elf:3)
  A blizzard demon (Abyss:2)
  8 merfolk javelineers (Shoals:4)
  7 deep elf death magi
  A fire dragon (Vaults:2)
  7 merfolk impalers
  3 deep elf high priests (Elf:3)
  A minotaur (Lab)
  A yaktaur captain (Vaults:1)
  3 ogre magi
  16 naga warriors
  3 hydras
  3 merfolk avatars
  5 vault guards (D:13)
  A centaur warrior (D:14)
  13 anacondas
  A death knight (D:13)
  3 catoblepae
  7 merfolk aquamancers
  3 satyrs
  An alligator snapping turtle (Shoals:3)
  11 dancing weapons
  A deep troll shaman (Lair:6)
  11 death yaks
  A tengu warrior (D:13)
  4 orc high priests
  2 thrashing horrors (Abyss:2)
  6 shock serpents
  13 naga sharpshooters
  A wretched star (Abyss:2)
  8 deep elf knights
  A sun demon (Abyss:2)
  14 sea snakes
  3 salamander mystics
  8 naga ritualists
  11 large abominations
  4 unseen horrors
  14 deep elf archers
  A wizard (D:13)
  A phantasmal warrior (D:13)
  An orc knight (D:15)
  4 hill giants
  9 harpies
  10 salamanders
  4 orc sorcerers
  12 ugly things
  11 manticores
  10 fauns
  38 deep elf magi
  9 elephants (Lair:6)
  10 mana vipers
  7 cyclopes
  14 sirens
  Maurice (D:9)
  7 guardian serpents
  25 black mambas
  3 vault sentinels
  7 naga magi
  2 molten gargoyles (D:14)
  8 spiny frogs
  2 smoke demons (Abyss:2)
  7 water nymphs
  An orange demon (Abyss:2)
  4 gargoyles
  7 centaur skeletons
  A hellion (Abyss:2)
  4 komodo dragons
  4 rime drakes
  A kobold demonologist (D:15)
  A freezing wraith (D:13)
  7 yaktaurs
  2 ancient zymes (Abyss:2)
  A tormentor (Abyss:2)
  A red devil (Abyss:2)
  A polar bear (Lair:4)
  21 merfolk
  A hydra zombie (Abyss:2)
  A queen bee (D:9)
  7 trolls
  7 slime creatures
  2 wind drakes
  4 two-headed ogres
  7 dream sheep
  5 blink frogs (Lair:6)
  10 snapping turtles
  7 hippogriffs
  A hippogriff (shapeshifter) (Elf:2)
  3 air elementals
  2 ynoxinuls (Abyss:2)
  3 shadows
  18 yaks
  2 redbacks (Lab)
  A vampire (D:13)
  12 water elementals
  A wraith (D:13)
  5 basilisks
  3 fire elementals
  3 wyverns
  Grum (D:10)
  3 vampire mosquitoes (D:13)
  A golden eye (Abyss:2)
  A hog (D:14)
  A chaos spawn (Abyss:2)
  5 hungry ghosts
  41 nagas
  2 wargs (Orc:2)
  2 mottled dragons
  6 water moccasins
  2 soldier ants (D:12)
  3 ice beasts
  2 sky beasts
  A wasp (Lair:4)
  5 porcupines
  4 black bears
  3 phantoms
  23 orc warriors
  A necrophage (D:11)
  12 ogres
  7 centaurs
  8 crocodiles
  18 wolves
  8 small abominations (Abyss:2)
  4 big kobolds
  2 elf zombies (Ossuary)
  7 bullfrogs
  3 earth elementals
  2 wyvern zombies
  3 wyvern skeletons
  2 scorpions
  22 killer bees
  8 wights
  4 electric eels
  4 howler monkeys
  2 lava snakes (D:14)
  4 centaur zombies
  6 crimson imps
  2 bullfrog zombies
  3 quasits
  3 jellies
  3 bullfrog skeletons
  A human zombie (Ossuary)
  22 orc priests
  7 hounds
  Jessica (D:2)
  5 iguanas
  14 orc wizards
  4 worker ants
  A killer bee zombie (D:7)
  4 mummies (Ossuary)
  2 gnolls
  11 adders
  31 river rats
  An ooze (D:1)
  An adder skeleton (D:4)
  3 dart slugs
  5 leopard geckos
  52 orcs
  3 giant cockroaches
  2 gnoll zombies (Ossuary)
  8 hobgoblins
  16 jackals
  4 quokkas
  2 ball pythons
  4 bats
  4 frilled lizards
  11 goblins
  2 hobgoblin zombies (Ossuary)
  A jackal skeleton (D:6)
  A jackal zombie (Ossuary)
  22 kobolds
  A leopard gecko zombie (D:5)
  An orc zombie (Ossuary)
  9 rats
  2 rat zombies (Ossuary)
  A crawling corpse (Elf:3)
  A fire vortex (D:14)
  8 plants
1131 creatures vanquished.

Vanquished Creatures (others)
  A deep elf mage (Elf:3)
  2 water elementals
  15 insubstantial wisps (Elf:3)
  An ufetubus (Abyss:2)
  An orc (D:12)
  A jackal zombie (Ossuary)
  2 fungi
  9 plants
  10 starspawn tentacles (Abyss:2)
  8 tentacles
50 creatures vanquished.

Grand Total: 1181 creatures vanquished

Notes
Turn   | Place    | Note
-------+----------+-------------------------------------------
     0 | D:1      | 4thArraOfDagon the Mummy Gladiator began the quest for the Orb.
     0 | D:1      | Reached XP level 1. HP: 16/16 MP: 1/1
   179 | D:2      | Found an iron altar of Okawaru.
   196 | D:2      | Became a worshipper of Warmaster Okawaru
   295 | D:1      | Reached XP level 2. HP: 17/22 MP: 2/2
   674 | D:1      | Reached skill level 3 in Staves
   860 | D:1      | Reached skill level 1 in Invocations
   878 | D:2      | Noticed Jessica
   882 | D:2      | Reached XP level 3. HP: 27/27 MP: 3/3
   896 | D:2      | Killed Jessica
   946 | D:2      | Found a faded altar of an unknown god.
  1050 | D:2      | Reached XP level 4. HP: 30/33 MP: 5/5
  1602 | D:3      | Reached skill level 4 in Staves
  1627 | D:3      | Found a shadowy altar of Dithmenos.
  1707 | D:3      | Found a sparkling altar of Nemelex Xobeh.
  1911 | D:3      | Reached * piety under Okawaru
  1919 | D:3      | Reached XP level 5. HP: 30/38 MP: 3/6
  2046 | D:4      | Found a sacrificial altar of Ru.
  2103 | D:4      | Noticed Pikel
  2103 | D:4      | Noticed a slave
  2103 | D:4      | Noticed a slave
  2103 | D:4      | Noticed a slave
  2103 | D:4      | Noticed a slave
  2133 | D:5      | Entered Level 5 of the Dungeon
  2196 | D:5      | Found a basalt altar of Yredelemnul.
  2244 | D:5      | Found an ancient bone altar of Kikubaaqudgha.
  2310 | D:5      | Found a staircase to the Ecumenical Temple.
  2469 | D:6      | Found a hide-covered altar of Uskayaw.
  2614 | D:4      | Reached skill level 1 in Armour
  2634 | D:4      | Reached XP level 6. HP: 20/44 MP: 6/8
  2709 | D:4      | 4thArraOfDagon: -11 protec!
  2719 | D:5      | jacquesderrida: nais
  2723 | D:5      | jacquesderrida: Armar
  2730 | D:5      | 4thArraOfDagon: ty
  2745 | D:5      | jacquesderrida: Thank
  3226 | D:7      | Reached skill level 5 in Staves
  3226 | D:7      | Reached XP level 7. HP: 51/51 MP: 6/9
  3497 | D:8      | Found a sand-covered staircase.
  3503 | Ossuary  | Entered an ossuary
  3558 | Ossuary  | jacquesderrida: zonbi
  3576 | Ossuary  | Reached ** piety under Okawaru
  3657 | Ossuary  | 4thArraOfDagon: :S
  3690 | Ossuary  | jacquesderrida: ooo
  3690 | Ossuary  | 4thArraOfDagon: rband
  3690 | Ossuary  | jacquesderrida: brend
  3718 | D:8      | jacquesderrida: veri nais
  3798 | D:8      | Noticed a two-headed ogre
  3813 | D:8      | Killed a two-headed ogre
  3813 | D:8      | Reached XP level 8. HP: 59/59 MP: 8/11
  3922 | D:8      | 4thArraOfDagon: ty
  3922 | D:8      | 4thArraOfDagon: im doin my worst
  3962 | D:7      | Reached skill level 6 in Staves
  3967 | D:7      | Found a stormy altar of Qazlal.
  4032 | D:7      | jacquesderrida: Thanks
  4077 | D:7      | Found Xiotor's Distillery.
  4080 | D:7      | :O
  4212 | D:10     | Entered Level 10 of the Dungeon
  4374 | D:11     | Reached *** piety under Okawaru
  4493 | D:12     | Reached XP level 9. HP: 58/66 MP: 12/12
  4524 | D:12     | Reached skill level 5 in Invocations
  4546 | D:13     | d13?
  4546 | D:13     | wtf
  4598 | D:12     | Killed an unseen horror
  4598 | D:12     | Reached **** piety under Okawaru
  4598 | D:12     | Reached skill level 5 in Fighting
  4598 | D:12     | Reached skill level 7 in Staves
  4644 | D:13     | Noticed a troll
  4645 | D:13     | Noticed a white ugly thing
  4657 | D:12     | Noticed a gargoyle
  4670 | D:12     | Killed a gargoyle
  4734 | D:12     | Noticed a troll
  4761 | D:12     | Killed a troll
  4819 | D:11     | Reached skill level 5 in Dodging
  4819 | D:11     | Reached XP level 10. HP: 43/76 MP: 12/14
  4839 | D:11     | Noticed a gargoyle
  4849 | D:11     | Reached ***** piety under Okawaru
  4858 | D:11     | Killed a gargoyle
  5017 | D:9      | Reached skill level 8 in Staves
  5163 | D:9      | Reached skill level 5 in Armour
  5573 | D:9      | Found a shattered altar of Ashenzari.
  5593 | D:9      | Ankalagon: heyy
  5615 | D:9      | Ankalagon: what the hell is that tiel
  5617 | D:9      | Noticed Maurice
  5631 | D:9      | Ankalagon: tile*
  5633 | D:9      | Killed Maurice
  5681 | D:9      | Reached skill level 9 in Staves
  5711 | D:9      | 4thArraOfDagon: executioner
  5721 | D:9      | 4thArraOfDagon: brand new
  5780 | D:10     | Received a gift from Okawaru
  5783 | D:10     | Reached XP level 11. HP: 61/83 MP: 12/15
  5837 | D:11     | Found a staircase to the Lair.
  5969 | D:10     | Noticed Grum
  5978 | D:10     | Killed Grum
  5978 | D:10     | Received a gift from Okawaru
  6063 | D:10     | jacquesderrida: it me
  6106 | D:10     | Noticed an unseen horror
  6114 | D:10     | Killed an unseen horror
  6284 | D:10     | Found a staircase to the Orcish Mines.
  6321 | Orc:1    | Entered Level 1 of the Orcish Mines
  6328 | Orc:1    | Noticed an orc sorcerer
  6337 | Orc:1    | Killed an orc sorcerer
  6341 | Orc:1    | 4thArraOfDagon: hai
  6426 | Orc:1    | jacquesderrida: hi...
  6438 | Orc:2    | Entered Level 2 of the Orcish Mines
  6445 | Orc:2    | jacquesderrida: trall
  6446 | Orc:2    | Noticed a stone giant
  6456 | Orc:1    | jacquesderrida: Looks like early 3D
  6593 | Orc:2    | Noticed an orc sorcerer
  6657 | Orc:2    | Killed an orc sorcerer
  6677 | Orc:2    | Killed a stone giant
  6677 | Orc:2    | Received a gift from Okawaru
  6677 | Orc:2    | Received a gift from Okawaru
  6678 | Orc:2    | 4thArraOfDagon: two gifts!
  6686 | Orc:2    | 4thArraOfDagon: SO OP
  6687 | Orc:2    | :O
  6687 | Orc:2    | /win
  6766 | Orc:2    | Reached skill level 10 in Staves
  6768 | Orc:2    | Noticed an orc high priest
  6848 | Orc:2    | :WIN
  6867 | Orc:2    | Noticed an orc sorcerer
  6868 | Orc:2    | Noticed an orc high priest
  6868 | Orc:2    | Noticed an orc high priest
  6874 | Orc:2    | Noticed a soul eater
  6882 | Orc:2    | Noticed an orc high priest
  6882 | Orc:2    | Killed an orc sorcerer
  7001 | Orc:2    | Found a roughly hewn altar of Beogh.
  7021 | Orc:2    | Found a staircase to the Elven Halls.
  7060 | Orc:2    | Noticed a sixfirhy
  7067 | Orc:2    | Killed an orc high priest
  7112 | Orc:1    | Noticed an orc sorcerer
  7112 | Orc:1    | Noticed an orc warlord
  7196 | Orc:2    | Reached XP level 12. HP: 78/92 MP: 17/17
  7213 | Orc:1    | Noticed an orc warlord
  7242 | Orc:1    | Killed an orc high priest
  7242 | Orc:1    | Received a gift from Okawaru
  7243 | Orc:1    | :O
  7256 | Orc:2    | Killed an orc high priest
  7285 | Orc:2    | Killed an orc high priest
  7347 | Orc:2    | Found Ohunwiad's Antique Armour Shoppe.
  7347 | Orc:2    | Found Pefiybet's Antique Weapon Emporium.
  7348 | Orc:2    | Found Saic's Assorted Antiques.
  7353 | Orc:2    | Found Cuaxues's Magic Scroll Shoppe.
  7354 | Orc:2    | SO OP
  7359 | Orc:2    | 4thArraOfDagon: :win
  7360 | Orc:2    | Bought a runed helmet for 148 gold pieces
  7371 | Orc:2    | Bought a scroll of enchant weapon for 97 gold pieces
  7371 | Orc:2    | Bought a scroll of magic mapping for 45 gold pieces
  7371 | Orc:2    | Bought a scroll of enchant armour for 97 gold pieces
  7371 | Orc:2    | Bought a scroll of enchant weapon for 97 gold pieces
  7371 | Orc:2    | Bought a scroll of identify for 26 gold pieces
  7371 | Orc:2    | Bought a scroll of teleportation for 39 gold pieces
  7371 | Orc:2    | Bought a scroll of teleportation for 39 gold pieces
  7371 | Orc:2    | Bought 3 scrolls of identify for 78 gold pieces
  7371 | Orc:2    | Bought a scroll of torment for 97 gold pieces
  7379 | Orc:2    | jacquesderrida: naisss
  7379 | Orc:2    | Bought a scroll of enchant weapon for 157 gold pieces
  7379 | Orc:2    | Bought a scroll of identify for 42 gold pieces
  7379 | Orc:2    | Bought a blackened gold wand for 84 gold pieces
  7384 | Orc:2    | 4thArraOfDagon: op
  7415 | Orc:2    | 4thArraOfDagon: NERF MUMMIES
  7633 | Lair:1   | Entered Level 1 of the Lair of Beasts
  8145 | Lair:2   | Received a gift from Okawaru
  8266 | Lair:3   | You fall through a shaft!
  8266 | Lair:4   | Noticed an eight-headed hydra
  8272 | Lair:3   | Reached skill level 11 in Staves
  8586 | Lair:4   | Killed an eight-headed hydra
  8592 | Lair:4   | Found a staircase to the Snake Pit.
  8781 | Lair:4   | Gained mutation: You are in touch with the powers of death. [Mummy growth]
  8781 | Lair:4   | Reached XP level 13. HP: 99/101 MP: 19/19
  8906 | Lair:4   | Got a fine trident
  9167 | Lair:6   | Entered Level 6 of the Lair of Beasts
  9358 | Lair:6   | Received a gift from Okawaru
  9572 | Lair:6   | Received a gift from Okawaru
  9572 | Lair:6   | Reached skill level 12 in Staves
  9573 | Lair:6   | Got a crude hat {god gift}
  9574 | Lair:6   | Identified the +5 hat "Ydin" {+Inv rPois Regen+ Str+2} (Okawaru gifted it to you on level 6 of the Lair of Beasts)
  9585 | Lair:6   | :O
  9599 | Lair:6   | Noticed a dire elephant
  9615 | Lair:6   | Killed a dire elephant
  9779 | Lair:6   | Found a staircase to the Slime Pits.
  9779 | Lair:6   | Found a viscous altar of Jiyva.
 10017 | Lair:3   | Reached skill level 10 in Fighting
 10274 | Elf:1    | Entered Level 1 of the Elven Halls
 10300 | Elf:1    | Reached XP level 14. HP: 59/110 MP: 16/21
 10376 | Elf:1    | Found Faprer's Food Shop.
 10404 | Elf:1    | Found Ahourghish's Gadget Shoppe.
 10405 | Elf:1    | Found Firech's Jewellery Shop.
 10406 | Elf:1    | Found Reaskiv's Gadget Shoppe.
 10415 | Elf:1    | Bought a wand of teleportation (3/9) for 273 gold pieces
 10447 | Elf:1    | Found a ruined gateway.
 10453 | Desolati | Entered the Desolation of Salt
 10538 | Elf:1    | Found Sinuhe's Antique Armour Emporium.
 10538 | Elf:1    | Noticed Azrael
 10542 | Elf:1    | Noticed Agnes
 10558 | Elf:1    | Found Deitoh's Book Emporium.
 10569 | Elf:1    | Found Zoumazu's Weapon Emporium.
 10665 | Elf:1    | Received a gift from Okawaru
 10902 | Elf:2    | Reached skill level 13 in Staves
 10937 | Elf:2    | Reached skill level 10 in Invocations
 10946 | Elf:3    | Entered Level 3 of the Elven Halls
 11127 | Elf:3    | Noticed a deep elf elementalist
 11140 | Elf:3    | Noticed a deep elf elementalist
 11151 | Elf:3    | Killed a deep elf elementalist
 11158 | Elf:3    | Killed a deep elf elementalist
 11224 | Elf:3    | Noticed a deep elf elementalist
 11232 | Elf:3    | Killed a deep elf elementalist
 11254 | Elf:3    | Reached XP level 15. HP: 118/118 MP: 19/22
 11279 | Elf:3    | Found a portal to a secret trove of treasure.
 11293 | Elf:3    | Received a gift from Okawaru
 11500 | Elf:3    | Noticed a deep elf master archer
 11515 | Elf:3    | Killed a deep elf master archer
 11537 | Elf:3    | Got a crude leather armour
 11582 | Elf:3    | Noticed a deep elf blademaster
 11610 | Elf:3    | Killed a deep elf blademaster
 11624 | Elf:3    | Reached skill level 14 in Staves
 11624 | Elf:3    | Reached skill level 10 in Dodging
 11638 | Elf:3    | Noticed a deep elf sorcerer
 11648 | Elf:3    | Killed a deep elf sorcerer
 11658 | Elf:3    | Reached ****** piety under Okawaru
 11747 | Elf:3    | Noticed a deep elf blademaster
 11761 | Elf:3    | Killed a deep elf blademaster
 11761 | Elf:3    | Reached skill level 10 in Armour
 11786 | Elf:3    | Found Netzax's General Store.
 11795 | Elf:3    | Received a gift from Okawaru
 11829 | Elf:3    | Noticed a deep elf master archer
 11842 | Elf:3    | Killed a deep elf master archer
 11936 | Elf:3    | Identified the ring of Ururgharo {*Contam rN+ Str+6 Int-3 Slay+3} (You took it off a deep elf high priest on level 3 of the Elven Halls)
 12033 | Elf:3    | Noticed a deep elf sorcerer
 12043 | Elf:3    | Killed a deep elf sorcerer
 12074 | Elf:3    | Reached XP level 16. HP: 99/127 MP: 21/24
 12084 | Elf:3    | Got a pitted bronze ring
 12085 | Elf:3    | Identified the ring of Puthin Tidek {rF- rN+ Int+4 Dex-3 Slay+4} (You took it off a deep elf archer on level 3 of the Elven Halls)
 12102 | Elf:3    | Identified Byuhod's Guide on Envenoming and Calling
 12112 | Elf:3    | Received a gift from Okawaru
 12118 | Elf:3    | Cast into level 2 of the Abyss (deep elf annihilator)
 12120 | Abyss:2  | how
 12242 | Abyss:2  | Identified the +4 leather armour "Usyteverr" {MR+} (You took it off a deep elf mage on level 3 of the Elven Halls)
 12316 | Abyss:2  | Noticed a tentacled starspawn
 12324 | Abyss:2  | Killed a tentacled starspawn
 12359 | Abyss:2  | Noticed a bone dragon
 12441 | Abyss:2  | jacquesderrida: Mummer pls
 12490 | Abyss:2  | Noticed a lich
 12502 | Abyss:2  | Killed a lich
 12508 | Abyss:2  | Noticed a kraken
 12532 | Abyss:2  | Noticed a tentacled starspawn
 12538 | Abyss:2  | Killed a tentacled starspawn
 12544 | Elf:3    | Escaped the Abyss
 12556 | Elf:3    | Identified the +3 leather armour "Tiurchycw" {+Inv Regen+ rCorr} (You found it on level 3 of the Elven Halls)
 12569 | Elf:3    | jacquesderrida: rigen
 12630 | Elf:3    | Cast into level 2 of the Abyss (dire flail of distortion)
 12659 | Abyss:2  | jacquesderrida: wew
 12670 | Abyss:2  | Noticed a tentacled starspawn
 12682 | Abyss:2  | Killed a tentacled starspawn
 12808 | Abyss:2  | Found a corrupted altar of Lugonu.
 12906 | Abyss:2  | Noticed a tentacled starspawn
 12916 | Abyss:2  | Killed a tentacled starspawn
 12921 | Elf:3    | Escaped the Abyss
 12955 | Elf:3    | jacquesderrida: weeeeew
 13090 | Elf:2    | Reached skill level 15 in Staves
 13182 | Elf:1    | Killed Agnes
 13216 | Elf:1    | Found Nippos's General Store.
 13224 | Elf:1    | Turgon: ?? What_is_this_tiles_supposed_to_be
 13224 | Elf:1    | beem: I don't have a page labeled What_is_this_tiles_supposed_to_be in my learndb.
 13224 | Elf:1    | 4thArraOfDagon: its jaq
 13245 | Elf:1    | Turgon: who is jaq?
 13285 | Elf:1    | Bought a scorched scale mail for 252 gold pieces
 13285 | Elf:1    | Identified the +1 scale mail of the Vaults {rF+ rCorr Str+3 Stlth+} (You bought it in a shop on level 1 of the Elven Halls)
 13286 | Elf:1    | ReniFell: its me
 13520 | Lair:1   | You fall through a shaft!
 13552 | Lair:2   | Found a staircase to the Shoals.
 13563 | Shoals:1 | Entered Level 1 of the Shoals
 13974 | Shoals:2 | Noticed Aizul
 13993 | Shoals:2 | Killed Aizul
 13993 | Shoals:2 | Received a gift from Okawaru
 14068 | Shoals:2 | Found Bukk's General Store.
 14076 | Shoals:2 | Bought a scroll of identify for 28 gold pieces
 14076 | Shoals:2 | Bought a scroll of magic mapping for 49 gold pieces
 14227 | Shoals:3 | Reached XP level 17. HP: 134/135 MP: 25/25
 14328 | Shoals:3 | Noticed Polyphemus
 14376 | Shoals:3 | Killed Polyphemus
 14533 | Shoals:4 | Entered Level 4 of the Shoals
 14541 | Shoals:4 | Noticed Mara
 14751 | Shoals:4 | Ultraviolent4: im jaq
 14964 | Shoals:4 | 4thArraOfDagon: hi
 15071 | Shoals:4 | Noticed Ilsuiw
 15086 | Shoals:4 | Killed Ilsuiw
 15103 | Shoals:4 | Reached skill level 1 in Evocations
 15301 | Shoals:4 | Received a gift from Okawaru
 15313 | Shoals:4 | Identified the ring of Hevosuok {Str+3 Stlth-} (You found it on level 4 of the Shoals)
 15358 | Shoals:4 | ReniFell: hi
 15358 | Shoals:4 | ReniFell: me juk
 15385 | Shoals:4 | Learned a level 2 spell: Repel Missiles
 15388 | Shoals:4 | Learned a level 2 spell: Swiftness
 15411 | Shoals:4 | Received a gift from Okawaru
 15412 | Shoals:4 | Ultraviolent4: hexes?
 15464 | Shoals:4 | Reached skill level 1 in Hexes
 15502 | Shoals:4 | jacquesderrida: How dare you...
 15535 | Shoals:4 | Reached skill level 1 in Spellcasting
 15564 | Shoals:4 | Reached skill level 16 in Staves
 15591 | Shoals:4 | Received a gift from Okawaru
 15598 | Shoals:4 | Got a barnacled rune of Zot
 15782 | Shoals:2 | 4thArraOfDagon: how are you
 15826 | Shoals:2 | Noticed a kraken
 16000 | Snake:1  | Entered Level 1 of the Snake Pit
 16000 | Snake:1  | Noticed Frances
 16014 | Snake:1  | Killed Frances
 16125 | Snake:3  | jacquesderrida: Eeeee
 16143 | Snake:3  | Identified 2 scrolls of acquirement
 16144 | Snake:3  | Ultraviolent4: is clarity good on mummies? xD
 16144 | Snake:3  | 4thArraOfDagon: eeeeeeeeeeeek
 16144 | Snake:3  | jacquesderrida: wew...
 16146 | Snake:3  | jacquesderrida: waw
 16146 | Snake:3  | 4thArraOfDagon: :D
 16152 | Snake:3  | Received a gift from Okawaru
 16159 | Snake:3  | Reached XP level 18. HP: 110/144 MP: 27/27
 16213 | Snake:4  | Entered Level 4 of the Snake Pit
 16435 | Snake:4  | jacquesderrida: wow rude
 16677 | Snake:4  | Received a gift from Okawaru
 17008 | Snake:4  | Received a gift from Okawaru
 17071 | Snake:4  | Got a serpentine rune of Zot
 17807 | Snake:2  | Found a hazy altar of Hepliaklqana.
 17885 | Snake:2  | Reached XP level 19. HP: 134/152 MP: 26/28
 18060 | Snake:2  | Received a gift from Okawaru
 18170 | Snake:1  | Identified the +0 chain mail "Bowkyera" {Stlth+} (You found it on level 1 of the Snake Pit)
 18805 | D:13     | Reached skill level 5 in Spellcasting
 18849 | D:14     | MEH!
 18930 | D:15     | Entered Level 15 of the Dungeon
 19018 | D:15     | Found a labyrinth entrance.
 19028 | Lab      | Entered a labyrinth
 19242 | Lab      | Identified the cursed +1 ring mail "Ysea" {rC++ Str+5 Int-2} (You found it in a labyrinth)
 19277 | D:15     | jacquesderrida: Hi
 19286 | D:15     | jacquesderrida: it me
 19350 | D:14     | 4thArraOfDagon: hi
 19391 | D:14     | Reached skill level 17 in Staves
 19416 | D:14     | Found Wiqeusom's Jewellery Shop.
 19439 | D:14     | Found Leajeli's Distillery.
 19475 | D:14     | Noticed Kirke
 19489 | D:14     | Killed Kirke
 19546 | D:14     | Bought the ring "Idoopet" {Fire Str+4 Int+3} for 560 gold pieces
 19923 | D:13     | Received a gift from Okawaru
 19993 | D:13     | Found a gate to the Vaults.
 20006 | Vaults:1 | Entered Level 1 of the Vaults
 20105 | Vaults:2 | Got a scintillating bronze ring
 20107 | Vaults:2 | Identified the ring of the Little Devil {rF+ Str+4} (You found it on level 2 of the Vaults)
 20126 | Vaults:2 | Got a fine plate armour
 20137 | Vaults:2 | Identified the +7 plate armour of Dumieruo {rC+ rCorr} (You found it on level 2 of the Vaults)
 20137 | Vaults:2 | ok
 20382 | Vaults:2 | Mangled by an enormous slime creature

Vault maps used:
D:1:      lightli_arrival_flooded_house
D:2:      ecumenical_altar_2, grunt_ministairs_4, okawaru_gym_becter,
          uniq_jessica
D:3:      lemuel_doored_altar, nemelex_xobeh_ov_fountains_minmay
D:4:      minitemple, first_bread, uniq_pikel
D:5:      lemuel_crystal_altar, nicolae_overflow_crystal_walls
D:6:      eat_drink_and_be_merry_uskayaw, tso_altar, serial_park_tiny_pond
D:7:      grunt_qazlal_clouds, serial_shops, kennysheep_mini_moat
D:8:      nicolae_whirlpool, nicolae_ossuary_entry_plus, minmay_holes,
          wad_rectangle_vault
D:9:      david_nohive_1, ashenzari_altar_1, uniq_maurice
D:10:     david_orc_1_choice, serial_shops, shop, uniq_grum
D:11:     david_lair_shrubbed
D:12:     serial_shops, shop
D:13:     grunt_vaults_entry_fortified
D:14:     erik_rubicon_a, serial_shops, nicolae_shop_statue_plus, shop,
          hangedman_abyss_or_decor_stagger, uniq_kirke
D:15:     gammafunk_enter_depths_forms, moated_statue, lab_entry_generic,
          eino_curves_01
Lair:1:   grunt_megastairs_2
Lair:2:   elwin_shoals_entry_rooms, serial_bayou_ford_a,
          infiniplex_staircase_pool_2
Lair:3:   grunt_megastairs_1, lemuel_fruit_tree
Lair:4:   guppyfry_snake_entry_garden, bobbens_dragon_lair_wall
Lair:5:   fungi_pond_lemuel
Lair:6:   grunt_lair_end_beastmaster, slime_altar_1
Shoals:2: serial_shops, nicolae_shop_competitors_out_of_business, uniq_aizul
Shoals:3: uniq_polyphemus
Shoals:4: shoals_end_simple, shoals_ilsuiw_ice, hangedman_shoals_cup_caves,
          uniq_mara
Snake:1:  basic_altar, nrook_guardian_serpent_double, serial_bayou_shore_a,
          serial_bayou_shore_b, uniq_frances
Snake:2:  basic_altar, evilmike_ambush
Snake:3:  basic_stair_grate_trap
Snake:4:  johnstein_snake_rune_scales, guppyfry_snake_island, grunt_megastairs_4
Orc:1:    minmay_orc_temple_b
Orc:2:    st_orc_mages, basic_altar
Elf:1:    eino_elf_arrival_sip, serial_shops, shop, nicolae_shop_statue_plus,
          shop_statue, nicolae_shop_crystal, nicolae_shop_stone,
          portal_desolation_entry_ruin, minmay_elf_crystal_heptagon,
          minmay_shop_grove, uniq_azrael, uniq_agnes
Elf:3:    grunt_elf_hall_spiral, serial_shops, nicolae_shop_statue_plus,
          nicolae_trove_entry_diagonal, serial_aquarium, aquarium_bridge_square,
          aquarium_bridge_square, aquarium_window_2, aquarium_window_corner,
          aquarium_view_2b, aquarium_view_2g, aquarium_balcony_1b
Vaults:1: nicolae_vaults_stairing_the_circle, ontoclasm_vaults_spin,
          v_alt_pattern_1, vaults_room_door_hall, serial_ice_h,
          nicolae_vaults_little_squares_1, hangedman_vaults_impose,
          vaults_dpeg_cross, dpeg_vaults_monster_box, vaults_room_stairs_pillars
Vaults:2: hangedman_vaults_variations, hangedman_vaults_corner,
          ontoclasm_vaults_idyll, v_misc_24, vaults_room_door_ring,
          ontoclasm_vaults_ring_large, vaults_mumra_hexcomb,
          ontoclasm_vaults_bender, hangedman_vaults_stitches,
          nicolae_vaults_three_branches, nicolae_vaults_border_crossing,
          vaults_room_pool, grunt_vaults_hallway_short,
          nicolae_vaults_statue_guard, ontoclasm_vaults_decontamination,
          vaults_room_stairs_pillars
Lab:      nicolae_lab_plus, lab_fountain, nicolae_lab_blocks,
          nicolae_lab_garden, nicolae_lab_statue, nicolae_lab_checkerboard,
          nicolae_lab_hexagon, nicolae_lab_starburst
Ossuary:  ossuary_minmay_tomb_2a

Skill      XL: |  1  2  3  4  5  6  7  8  9 10 11 12 13 14 15 16 17 18 19 |
---------------+----------------------------------------------------------+-----
Staves         | 3 4 5 6 7 9 10 11 12 13 14 15 16 17 | 17.2
Invocations    | 1 2 3 4 5 6 7 8 9 10 11 12 13 | 13.4
Armour         | 1 2 3 4 5 6 7 8 9 10 11 12 | 12.4
Dodging        | 3 4 5 6 7 8 9 10 11 12 | 12.4
Fighting       | 3 4 5 6 8 9 10 11 12 13 14 | 14.5
Evocations     | 2 4 |  4.2
Hexes          | 3 |  3.1
Spellcasting   | 1 4 6 |  6.0
Throwing       | |  1.5

Action                   |  1- 3 |  4- 6 |  7- 9 | 10-12 | 13-15 | 16-18 | 19-21 || total
-------------------------+-------+-------+-------+-------+-------+-------+-------++-------
Melee: Quarterstaff      |    90 |   210 |   310 |   811 |     4 |       |       ||  1425
       Lajatang          |       |       |       |    95 |   762 |  1329 |   566 ||  2752
Throw: Throwing net      |     2 |     8 |     1 |     1 |       |       |       ||    12
       Tomahawk          |       |       |       |       |     1 |       |       ||     1
 Cast: Repel Missiles    |       |       |       |       |       |       |     1 ||     1
Invok: Heroism           |       |     5 |    10 |    39 |    34 |    66 |    19 ||   173
       Finesse           |       |       |       |     6 |    18 |    29 |     4 ||    57
Evoke: Wand              |       |       |     8 |    11 |     5 |     7 |     5 ||    36
  Use: Scroll            |       |    11 |    11 |    10 |     9 |    28 |    10 ||    79
 Stab: Held in net/web   |       |     2 |     1 |     2 |       |       |       ||     5
       Confused          |       |       |     4 |     2 |       |       |       ||     6
       Sleeping          |       |       |       |     5 |     1 |     6 |     3 ||    15
       Distracted        |       |       |       |     1 |     1 |     5 |       ||     7
       Petrified         |       |       |       |       |       |     3 |       ||     3
Armor: Leather armour    |    16 |    15 |       |       |       |       |       ||    31
       Scale mail        |       |    52 |   116 |       |       |   191 |   113 ||   472
       Troll leather arm |       |       |     2 |   183 |   113 |    62 |       ||   360
       Plate armour      |       |       |       |       |       |       |    27 ||    27
       Quicksilver drago |       |       |       |       |       |       |    18 ||    18
Dodge: Dodged            |    54 |   119 |   164 |   554 |   293 |   636 |   317 ||  2137
       Deflected         |       |       |       |       |       |       |     2 ||     2
Block: Other             |       |       |       |    64 |    63 |    62 |       ||   189
       Reflection        |       |       |       |     1 |     7 |     9 |       ||    17
